Map: Beckett Industries LE

Players

MaXiMuS - Winner!

  • Race: Protoss Protoss
  • League: Master

Osiris

  • Race: Terran Terran
  • League: Master

VOD

Have the link to the VOD?

Description

Time

  • Played on: May 22, 2021, 6:44 p.m.
  • Length: 6:14
Show
View Real Time Build Order
Export as new Build Order

MaXiMuS Protoss - Winner!

Build Orders: Forge Fast Expand (FFE) 

Get SALT Encoding   

  12  0:00  Probe  
  13  0:12  Probe  
  14  0:21  Pylon  
  14  0:24  Probe  
  15  0:39  Probe (Chrono Boost)  
  15  0:41  Forge  
  16  0:48  Probe (Chrono Boost)  
  17  0:54  Pylon  
  17  0:56  Probe (Chrono Boost)  
  18  1:08  Probe (Chrono Boost)  
  19  1:14  Probe (Chrono Boost)  
  19  1:17  Photon Cannon  
  20  1:23  Probe  
  21  1:36  Probe  
  22  1:41  Nexus  
  22  1:48  Probe  
  23  1:55  Pylon  
  23  2:00  Probe  
  24  2:05  Photon Cannon  
  24  2:15  Gateway  
  24  2:19  Probe (Chrono Boost)  
  24  2:22  Gateway  
  25  2:29  Assimilator  
  25  2:33  Probe (Chrono Boost)  
  26  2:45  Pylon  
  26  2:49  Gateway  
  26  2:51  Pylon  
  26  2:54  Pylon  
  26  2:57  Probe  
  26  3:08  Assimilator  
  26  3:09  Probe (Chrono Boost)  
  27  3:14  Cybernetics Core  
  27  3:22  Probe (Chrono Boost)  
  27  3:25  Probe (Chrono Boost)  
  29  3:28  Probe (Chrono Boost)  
  29  3:30  Gateway  
  29  3:33  Probe (Chrono Boost)  
  32  3:42  Probe (Chrono Boost)  
  32  3:43  Probe (Chrono Boost)  
  32  3:48  Probe (Chrono Boost)  
  34  3:49  Probe (Chrono Boost)  
  34  3:51  Twilight Council  
  34  3:55  Warp Gate  
  35  4:00  Probe (Chrono Boost)  
  37  4:04  Stalker  
  37  4:06  Probe (Chrono Boost)  
  37  4:08  Probe (Chrono Boost)  
  40  4:10  Shield Battery  
  40  4:14  Probe x2 (Chrono Boost)  
  42  4:19  Assimilator  
  42  4:21  Assimilator  
  42  4:26  Probe (Chrono Boost), Pylon  
  42  4:30  Probe (Chrono Boost)  
  44  4:33  Probe (Chrono Boost)  
  44  4:37  Probe  
  44  4:38  Robotics Facility  
  46  4:40  Probe  
  47  4:49  Probe, Dark Shrine  
  47  4:51  Gateway  
  47  4:52  Probe  
  49  5:01  Probe  
  49  5:04  Probe  
  51  5:08  Nexus  
  51  5:13  Probe  
  52  5:16  Probe  
  53  5:21  Pylon  
  53  5:24  Pylon  
  53  5:26  Warp Prism (Chrono Boost), Probe  
  54  5:29  Probe  
  57  5:38  Probe  
  57  5:41  Probe  
  59  5:48  Photon Cannon  
  59  5:50  Probe, Shield Battery  
  59  5:53  Probe  
  61  6:02  Dark Templar x4  
Show
View Real Time Build Order
Export as new Build Order

Osiris Terran 

Build Orders:  

Get SALT Encoding   

  12  0:00  SCV  
  13  0:12  SCV  
  14  0:17  Supply Depot  
  14  0:24  SCV  
  15  0:38  SCV  
  15  0:39  Barracks  
  16  0:45  Refinery  
  16  0:50  SCV  
  17  1:02  SCV  
  18  1:15  SCV  
  18  1:29  SCV  
  19  1:52  Orbital Command  
  19  1:54  Reaper  
  20  2:22  SCV  
  21  2:26  Marine  
  22  2:36  Command Center  
  22  2:39  SCV  
  23  2:44  Supply Depot  
  23  2:47  Barracks Reactor  
  23  3:04  Factory  
  23  3:06  SCV, Refinery  
  24  3:18  SCV  
  25  3:25  Marine x2  
  27  3:30  SCV  
  28  3:42  SCV  
  28  3:44  Barracks  
  28  3:45  Barracks, Marine x2  
  28  3:47  Factory Tech Lab  
  31  3:57  Orbital Command  
  31  4:03  SCV  
  31  4:05  Marine x2  
  31  4:07  Orbital Command  
  34  4:15  Siege Tank  
  37  4:21  Supply Depot  
  37  4:23  SCV  
  38  4:27  Marine  
  38  4:30  Marine  
  40  4:37  Barracks Tech Lab  
  40  4:42  Marine  
  41  4:46  Marine  
  41  4:47  Siege Tank  
  41  4:49  SCV  
  46  4:55  Supply Depot, Marine x2  
  46  4:56  SCV  
  49  5:08  Marine x2  
  51  5:17  Supply Depot  
  51  5:23  Marine x2  
  51  5:24  Siege Tank  
  51  5:26  Marine  
  51  5:27  SCV  
  58  5:34  Supply Depot  
  58  5:44  Marine x2  
  58  5:45  Marine x2  
  62  5:50  Supply Depot  
Tags
 
Add a new tag
Caveats
  • Supply blocks, unpowered buildings, or Contaminate may cause inaccurate times.
  • Supply counts are checked every 10 seconds.